 Dungeon Crawl Stone Soup version 0.25.1-2-g60ff931df9 (webtiles) character file.

Game seed: 2773448370490310182

208 DogServant the Ruffian (level 6, 0/43 HPs)
             Began as a Formicid Transmuter on Oct 17, 2020.
             Slain by an orc priest
             ... wielding a +0 short sword
              (3 damage)
             ... on level 3 of the Dungeon.
             The game lasted 00:04:14 (2951 turns).

DogServant the Ruffian (Formicid Transmuter)        Turns: 2951, Time: 00:04:15

Health: 0/43       AC:  5    Str: 17    XL:     6   Next: 11%
Magic:  9/9        EV: 12    Int: 12    God:
Gold:   110        SH:  0    Dex: 11    Spells: 8/9 levels left

rFire    . . .     SeeInvis +   e - +2 short sword (venom)
rCold    . . .     Gourm    .   (no shield)
rNeg     . . .     Faith    .   b - +0 robe
rPois    +         Spirit   .   (helmet unavailable)
rElec    .         Reflect  .   (no cloak)
rCorr    .         Harm     .   i - +0 pair of gloves
MR       .....     Clarity  +   (no boots)
Stlth    +.........             (no amulet)
HPRegen  0.14/turn              (no ring)
MPRegen  0.11/turn              (no ring)

@: no status effects
A: permanent stasis, dig shafts and tunnels, four strong arms, antennae 3,
molten scales 1, clarity, poison resistance, no potion heal 1
a: Dig, Shaft Self


You were on level 3 of the Dungeon.
You were not hungry.

You visited 1 branch of the dungeon, and saw 3 of its levels.

You collected 110 gold pieces.

Inventory:

Hand Weapons
 e - a +2 short sword of venom (weapon)
Missiles
 a - 12 arrows
 h - 7 javelins (quivered)
Armour
 b - a +0 robe (worn)
 c - a +0 buckler
 i - a +0 pair of gloves (worn)
Scrolls
 l - a scroll of teleportation {unknown}
 m - a scroll of enchant armour {unknown}
Potions
 k - a potion of resistance
Comestibles
 d - 2 rations
 j - 4 chunks of flesh


   Skills:
 - Level 1.1 Fighting
 - Level 1.7 Dodging
 - Level 4.0 Shields
 + Level 5.1 Unarmed Combat
 - Level 2.1 Spellcasting
 - Level 2.4 Transmutations


You had 8 spell levels left.
You knew the following spells:

 Your Spells              Type           Power        Failure   Level  Hunger
a - Beastly Appendage     Tmut           #.....       10%         1    ##.....

Your spell library contained the following spells:

 Spells                   Type           Power        Failure   Level  Hunger
 Sticks to Snakes         Tmut           #.......     14%         2    ###....
 Spider Form              Tmut/Pois      #.........   43%         3    ####...
 Ice Form                 Ice/Tmut       #.......     85%         4    #####..
 Blade Hands              Tmut           #.........   95%         5    ######.


Dungeon Overview and Level Annotations

Branches:
Dungeon (3/15)

Altars:
Zin


Innate Abilities, Weirdness & Mutations

You cannot be hasted, slowed, berserked, paralysed or teleported.
You can dig through walls and to a lower floor.
Your four strong arms can wield two-handed weapons with a shield.
You have a pair of large antennae on your head. (SInv)
You are partially covered in molten scales. (AC +2)
You possess an exceptional clarity of mind.
Your system is resistant to poisons. (rPois)
Potions are less effective at restoring your health.


Message History

Your Unarmed Combat skill increases to level 5!
You have reached level 6!
Your experience leads to an increase in your attributes!
Increase (S)trength, (I)ntelligence, or (D)exterity?
You feel stronger. The orc barely misses you.
You completely miss the orc.
The orc priest looks braver for a moment.
The orc barely misses you.
The orc shouts!
You hit the orc.
The orc is poisoned.
The orc is heavily wounded.
The orc closely misses you. The orc priest closely misses you.
You kill the orc!
Items here: )) [ † a +0 dagger; a +0 leather armour; a +0 flail; an orc corpse You hit the orc priest but do no damage.
The orc priest is poisoned.
The orc priest hits you with a +0 short sword.
You die...

.....#****#...............,,,,,,,
####### #.*#............,,,,,,,
#.>.<.#####.##............,,,,,,,
#.............o...........,,,,,,,
#.....).....)†{†..........,,,,,,,
...............##.........,,,,,,,
#....(.........##.#..#....**,,***
#....>........)##.......#.,,,,***
#..............o@.........,,,,,,,
#.............÷##.........,,,,,,,
..........[.............#.,,,**,,
........#.#######.......#,,*,****
....#####.# #.......#,,*,* ...##
#.# ***#..######,,*,** ..## #.#
*,,....,,,,*,,,,,** ..# #.#
*,,,...,,,,,,**,,,* ..# #.#
*,,,,,,,,,,*****,,**


You could see an orc priest (poisoned).

Vanquished Creatures
  A wyvern zombie (D:3)
  An orc priest (D:3)
  Natasha (D:2)
  4 adders
  A worm (D:2)
  A dart slug (D:2)
  2 orcs (D:3)
  3 giant cockroaches
  8 goblins
  7 hobgoblins
  5 jackals
  A quokka (D:2)
  3 ball pythons
  3 bats
  4 frilled lizards
  4 kobolds (D:2)
  7 rats
56 creatures vanquished.

Notes
Turn   | Place    | Note
-------+----------+-------------------------------------------
     0 | D:1      | DogServant the Formicid Transmuter began the quest for the
                  | Orb.
     0 | D:1      | Reached XP level 1. HP: 15/15 MP: 3/3
   462 | D:1      | You fall into a shaft and drop 1 floor!
   469 | D:2      | Reached XP level 2. HP: 21/21 MP: 3/5
   554 | D:2      | Reached skill level 1 in Shields
   956 | D:2      | Reached XP level 3. HP: 26/26 MP: 4/6
  1474 | D:2      | Noticed Natasha
  1486 | D:2      | Killed Natasha
  1486 | D:2      | Reached XP level 4. HP: 16/32 MP: 5/7
  1489 | D:2      | Gained mutation: Your system is resistant to poisons.
                  | (rPois) [potion of mutation]
  1489 | D:2      | Gained mutation: Potions are less effective at restoring
                  | your health. [potion of mutation]
  1489 | D:2      | Gained mutation: You are partially covered in molten
                  | scales. (AC +2) [potion of mutation]
  1489 | D:2      | Gained mutation: You possess an exceptional clarity of
                  | mind. [potion of mutation]
  1495 | D:2      | Reached skill level 4 in Unarmed Combat
  2624 | D:3      | Reached XP level 5. HP: 14/37 MP: 6/8
  2819 | D:3      | Found a glowing silver altar of Zin.
  2947 | D:3      | Reached skill level 5 in Unarmed Combat
  2947 | D:3      | Reached XP level 6. HP: 3/43 MP: 9/9
  2951 | D:3      | Slain by an orc priest

Illustrated notes

Levels and vault maps discovered:
D:1:      minmay_arrival_stair_chambers, layout_basic
D:2:      layout_loops_cross, first_ration, serial_forest,
          infiniplex_forest_lined_2, infiniplex_forest_straight_2,
          infiniplex_forest_zigzag_1, infiniplex_forest_clump_curved,
          infiniplex_forest_lined_room_2, infiniplex_forest_corner_2,
          infiniplex_forest_clump_curved, uniq_natasha
D:3:      layout_rooms, old_standard_altar

Skill      XL: |  1  2  3  4  5 |
---------------+----------------+-----
Shields        | 1 2 3 4 |  4.0
Unarmed Combat | 4 5 |  5.1
Fighting       | |  1.1
Dodging        | |  1.7
Spellcasting   | |  2.1
Transmutations | |  2.4

Action                   |  1- 3 |  4- 6 || total
-------------------------+-------+-------++-------
Melee: Unarmed           |    91 |    16 ||   107
       Kick              |     9 |     9 ||    18
       Short sword       |       |    66 ||    66
       Punch             |       |     1 ||     1
 Cast: Beastly Appendage |     8 |     6 ||    14
  Use: Potion            |     2 |     3 ||     5
       Scroll            |       |     4 ||     4
 Stab: Sleeping          |     1 |       ||     1
  Eat: Chunk             |     2 |     1 ||     3
       Ration            |       |     1 ||     1
Armor: Robe              |    19 |    26 ||    45
       Skin              |       |     4 ||     4
Dodge: Dodged            |    55 |    57 ||   112
